Map: 国王藏宝地-天梯版

Players

Dark - Winner!

  • Race: Zerg Zerg
  • League: Gold

Elazer

  • Race: Zerg Zerg

Event: WESG 2018 Grand Finals

VOD

Have the link to the VOD?

Description

Time

  • Played on: March 11, 2019, 7:02 a.m.
  • Length: 10:55

All games in this series

Show
View Real Time Build Order
Export as new Build Order

Dark Zerg - Winner!

Build Orders: Hatch First 

Get SALT Encoding   

  12  0:00  Drone  
  13  0:13  Overlord  
  13  0:18  Drone  
  14  0:31  Drone  
  14  0:32  Drone  
  16  0:36  Drone  
  17  0:53  Hatchery  
  17  0:55  Drone  
  17  1:01  Drone  
  18  1:10  Extractor  
  17  1:15  Spawning Pool  
  17  1:16  Drone  
  17  1:20  Drone  
  18  1:29  Drone  
  20  1:40  Drone  
  20  1:50  Overlord  
  20  2:02  Drone  
  20  2:04  Queen x2  
  20  2:06  Zergling x2  
  26  2:10  Metabolic Boost  
  26  2:14  Drone  
  27  2:17  Drone  
  28  2:24  Zergling x2  
  28  2:27  Drone  
  30  2:35  Drone  
  31  2:42  Hatchery  
  30  2:45  Drone  
  30  2:51  Baneling Nest  
  30  2:53  Overlord  
  30  2:56  Drone  
  30  3:08  Drone x2  
  30  3:09  Zergling x2  
  33  3:14  Zergling x8  
  33  3:15  Zergling x2  
  33  3:17  Zergling x2  
  40  3:22  Zergling x2  
  40  3:23  Zergling x2  
  40  3:25  Drone  
  43  3:31  Overlord  
  43  3:43  Overlord  
  43  3:44  Drone  
  44  3:49  Queen  
  44  3:54  Zergling x4  
  47  4:02  Zergling x12  
  51  4:03  Zergling x2  
  51  4:07  Zergling x4  
  54  4:13  Evolution Chamber  
  54  4:15  Drone x2  
  55  4:21  Zergling x12  
  55  4:23  Zergling x2  
  62  4:26  Zergling x2  
  62  4:29  Drone x2  
  64  4:39  Zerg Missile Weapons Level 1  
  64  4:41  Overlord  
  64  4:47  Roach Warren, Drone  
  64  4:48  Drone  
  65  4:53  Overlord  
  65  5:00  Drone x2  
  65  5:01  Drone x4  
  71  5:07  Lair  
  71  5:11  Drone x2  
  73  5:18  Overlord x2  
  73  5:19  Drone  
  74  5:23  Extractor  
  74  5:24  Extractor  
  74  5:26  Drone x2  
  74  5:27  Drone  
  74  5:29  Roach  
  74  5:32  Roach  
  74  5:33  Roach  
  80  5:36  Overlord  
  80  5:37  Roach  
  80  5:40  Roach  
  80  5:42  Roach  
  86  5:48  Roach  
  86  5:49  Roach x2  
  91  5:54  Roach x2  
  93  5:59  Roach  
  93  6:00  Roach x2  
  100  6:04  Drone x4  
  100  6:07  Extractor  
  100  6:10  Overseer  
  102  6:11  Glial Reconstitution  
  102  6:15  Drone x3  
  105  6:18  Overlord  
  105  6:20  Overlord  
  105  6:26  Overlord  
  105  6:27  Overlord  
  105  6:37  Drone x5  
  105  6:38  Drone x3  
  113  6:42  Drone  
  114  6:48  Overseer  
  114  6:50  Drone x3  
  114  6:51  Drone x4  
  114  6:53  Extractor  
  120  6:54  Extractor  
  120  6:55  Overseer  
  119  7:02  Evolution Chamber  
  119  7:08  Drone x2  
  119  7:09  Drone x2  
  119  7:11  Roach x3  
  119  7:15  Overlord x2  
  128  7:27  Zerg Ground Armor Level 1  
  128  7:28  Pneumatized Carapace  
  128  7:29  Overlord  
  128  7:30  Overlord  
  128  7:35  Overlord  
  128  7:36  Overlord  
  128  7:38  Roach  
  128  7:39  Zerg Missile Weapons Level 2  
  128  7:41  Hatchery  
  131  7:44  Roach x4  
  131  7:47  Ravager x4  
  131  7:48  Ravager  
  142  7:52  Roach x2  
  142  7:56  Roach x2  
  142  7:57  Roach  
  152  8:03  Overlord  
  152  8:04  Drone x3  
  159  8:05  Roach x2  
  159  8:11  Roach x2  
  159  8:12  Roach x2  
  167  8:14  Overlord  
  167  8:18  Roach x2  
  171  8:20  Overseer  
  171  8:26  Roach  
  171  8:27  Roach x4  
  179  8:29  Overlord  
  179  8:34  Roach  
  183  8:36  Ravager x2  
  183  8:40  Roach x2  
  183  8:41  Roach  
  191  8:51  Drone x2  
  191  8:52  Roach x3  
  191  8:54  Ravager, Evolution Chamber  
  199  8:56  Evolution Chamber  
  198  9:12  Roach x3  
  198  9:16  Roach x5  
  191  9:21  Roach x6  
  191  9:22  Nydus Network  
  191  9:25  Roach x4  
  182  9:42  Roach x2  
  182  9:43  Roach x7  
  182  9:44  Roach  
  186  9:50  Roach  
  186  9:51  Roach  
  176  9:56  Roach x2  
  176  9:57  Roach  
  167  10:02  Roach  
  167  10:05  Roach x2  
  167  10:06  Queen  
  175  10:09  Ravager, Extractor x2  
  175  10:10  Ravager  
  175  10:11  Roach  
  177  10:14  Roach  
  177  10:17  Nydus Canal  
  179  10:25  Roach x4  
  179  10:27  Roach x2  
  191  10:29  Roach  
  191  10:31  Nydus Canal  
  191  10:33  Roach x3  
Show
View Real Time Build Order
Export as new Build Order

Elazer Zerg 

Build Orders: Hatch First 

Get SALT Encoding   

  12  0:00  Drone  
  13  0:12  Overlord  
  13  0:17  Drone  
  14  0:30  Drone x2  
  16  0:49  Hatchery  
  15  0:52  Drone  
  15  0:55  Drone  
  17  1:09  Spawning Pool  
  16  1:12  Drone  
  16  1:16  Drone  
  18  1:20  Drone  
  18  1:22  Extractor  
  18  1:28  Drone  
  19  1:39  Drone  
  20  1:49  Overlord  
  20  1:55  Queen  
  20  2:00  Queen  
  20  2:01  Zergling x2, Drone  
  26  2:12  Drone x2  
  28  2:21  Drone  
  29  2:23  Drone  
  30  2:32  Drone  
  30  2:34  Hatchery  
  30  2:41  Queen  
  32  2:45  Overlord  
  32  2:48  Drone  
  32  2:50  Drone  
  34  2:58  Drone  
  35  3:00  Drone  
  36  3:07  Roach Warren, Drone x2  
  36  3:10  Drone  
  36  3:12  Drone  
  39  3:13  Drone  
  39  3:16  Drone  
  39  3:19  Drone  
  42  3:21  Overlord  
  42  3:26  Drone x2  
  44  3:30  Overlord  
  43  3:41  Extractor  
  42  3:43  Overlord  
  42  3:47  Roach x4  
  50  3:49  Roach  
  50  3:50  Roach  
  58  3:55  Roach x2  
  58  3:59  Overlord  
  58  4:02  Roach  
  60  4:07  Queen  
  58  4:12  Roach  
  58  4:15  Drone x4  
  64  4:20  Drone  
  64  4:21  Drone  
  64  4:22  Evolution Chamber  
  65  4:26  Queen  
  67  4:32  Drone x3  
  67  4:35  Drone x2  
  72  4:44  Lair  
  72  4:48  Evolution Chamber  
  72  4:51  Overlord x2  
  69  4:53  Extractor  
  69  4:55  Zerg Missile Weapons Level 1  
  69  4:58  Roach  
  69  4:59  Roach  
  72  5:03  Roach x2  
  76  5:09  Overlord  
  76  5:17  Drone x3, Extractor  
  76  5:18  Drone  
  76  5:19  Roach  
  76  5:20  Roach x2  
  85  5:25  Overlord  
  85  5:29  Zerg Ground Armor Level 1  
  85  5:44  Roach x5  
  95  5:53  Hatchery  
  95  5:56  Glial Reconstitution  
  94  5:59  Overseer  
  94  6:04  Drone x5  
  94  6:10  Overseer  
  99  6:11  Drone  
  99  6:16  Drone  
  101  6:21  Drone x3  
  101  6:22  Drone x3  
  101  6:23  Drone  
  108  6:27  Overlord  
  108  6:38  Pneumatized Carapace  
  108  6:47  Overlord  
  108  6:48  Drone x2  
  108  6:50  Drone x6  
  116  6:54  Overlord  
  116  7:00  Overlord  
  116  7:02  Overlord  
  116  7:08  Overlord, Drone  
  116  7:09  Extractor  
  116  7:12  Extractor  
  116  7:14  Zerg Missile Weapons Level 2, Overlord  
  115  7:17  Roach, Tunneling Claws  
  115  7:21  Burrow  
  117  7:24  Roach x2  
  117  7:25  Roach x4  
  117  7:28  Overlord  
  117  7:29  Roach  
  131  7:32  Roach  
  135  7:37  Roach  
  135  7:42  Overlord  
  135  7:43  Roach x4  
  143  7:49  Drone x2  
  143  7:51  Ravager x4  
  149  7:53  Hatchery  
  148  8:00  Roach x4  
  148  8:01  Overlord  
  156  8:08  Overlord  
  156  8:13  Overlord  
  156  8:14  Roach x3  
  156  8:18  Roach x3  
  168  8:24  Overlord  
  168  8:26  Roach x2  
  172  8:29  Overlord  
  172  8:33  Roach x3  
  178  8:37  Overlord  
  178  8:40  Roach x2  
  182  8:43  Ravager x3  
  182  8:44  Roach, Ravager  
  188  8:49  Roach x3  
  188  8:54  Roach x2  
  188  8:55  Roach  
  200  9:09  Roach  
  200  9:10  Overlord  
  169  9:19  Roach x10  
  169  9:20  Roach  
  160  9:28  Roach  
  160  9:29  Roach x2  
  134  9:40  Roach x4  
  122  9:54  Drone x8  
  128  10:00  Drone x4  
  128  10:03  Drone x2  
  128  10:04  Drone  
  128  10:06  Drone  
  132  10:08  Drone  
  132  10:10  Drone x3  
  136  10:16  Ravager  
  136  10:18  Ravager x2  
  136  10:19  Ravager  
  136  10:20  Drone x4  
  144  10:21  Overseer  
  144  10:29  Roach x3  
  144  10:35  Roach x3  
Tags
 
Add a new tag
Caveats
  • Supply blocks, unpowered buildings, or Contaminate may cause inaccurate times.
  • Supply counts are checked every 10 seconds.